AoeStats
← =74= George

Lombardia

508803749Analyzed
3v3 RM · 7d ago on Sep 24, 2026· 120m 11s· 6 players
Game mode
Random Map
Map size
Normal (6 player)
Population
200
Speed
Normal
Resources
Standard
Victory
Conquest
Starting age
Dark Age
Ending age
Imperial Age
RankedLock teamsTeams togetherTeam positionsShared explorationLock speedFull tech treeHidden civsTurbo modeCheats
Victory
Defeat
🇨🇳 Mongols · China
1036
+15
🇯🇵 Franks · Japan
1034
+15
🇺🇸 Portuguese · United States
1004
+17
🇺🇸 Persians · United States
1082
-18
🇺🇸 Huns · United States
1029
-16
🇨🇦 Franks · Canada
945
-13
007
7:53 Loom
10:41 Feudal Age
17:04 Castle Age
17:33 Double-Bit Axe
17:29 Horse Collar
18:43 Bow Saw
20:54 Heavy Plow
20:46 Gold Mining
24:08 Town Watch
25:06 Wheelbarrow
26:35 Scale Barding Armor
26:42 Forging
26:23 Fletching
26:39 Husbandry
26:49 Stone Mining
27:15 Bloodlines
27:59 Hand Cart
28:52 Chain Barding Armor
29:08 Iron Casting
31:43 Bodkin Arrow
33:28 Masonry
33:38 Ballistics
33:23 Murder Holes
38:40 Imperial Age
39:33 Plate Barding Armor
39:58 Blast Furnace
38:22 Cavalier
39:36 Conscription
39:31 Citadels
40:01 Architecture
40:33 Chemistry
40:43 Two-Man Saw
40:14 Crop Rotation
39:32 Savar
48:33 Hoardings
48:03 Kamandaran
48:12 Padded Archer Armor
48:36 Elite Skirmisher
49:55 Caravan
62:47 Guilds
70:32 Sappers
71:44 Elite Skirmisher
73:02 Leather Archer Armor
72:27 Light Cavalry
73:46 Thumb Ring
73:28 Hussar
99:17 Ring Archer Armor
117:48 Coinage
=74= George
12:28 Feudal Age
10:43 Loom
13:41 Double-Bit Axe
18:52 Forging
18:48 Scale Barding Armor
27:10 Castle Age
28:09 Husbandry
27:30 Light Cavalry
30:23 Scale Mail Armor
30:47 Chain Barding Armor
31:03 Iron Casting
32:52 Gold Mining
35:32 Wheelbarrow
39:50 Imperial Age
37:42 Bow Saw
40:37 Chivalry
41:00 Conscription
41:26 Plate Barding Armor
41:52 Blast Furnace
40:47 Treadmill Crane
44:37 Cavalier
48:32 Caravan
50:26 Paladin
55:37 Ordonnance Companies
63:53 Elite Skirmisher
69:25 Fletching
69:35 Padded Archer Armor
72:26 Chemistry
71:46 Ballistics
73:30 Bodkin Arrow
73:51 Leather Archer Armor
107:59 Crossbowman
108:04 Cranequins
108:05 Heavy Mounted Crossbowman
TurboCesar
7:43 Loom
10:45 Feudal Age
17:10 Castle Age
16:21 Bloodlines
19:15 Scale Barding Armor
19:28 Horse Collar
23:17 Chain Barding Armor
25:29 Wheelbarrow
26:33 Husbandry
28:24 Forging
30:25 Heavy Plow
30:14 Double-Bit Axe
33:45 Imperial Age
31:34 Hand Cart
32:52 Town Watch
34:24 Iron Casting
34:30 Cavalier
36:55 Plate Barding Armor
37:22 Blast Furnace
37:04 Conscription
37:44 Ballistics
37:35 Masonry
37:21 Murder Holes
37:32 Paladin
44:47 Marauders
49:49 Caravan
52:14 Elite Tarkan
58:54 Fletching
59:04 Padded Archer Armor
59:37 Thumb Ring
58:53 Elite Skirmisher
61:36 Chemistry
66:15 Bodkin Arrow
66:36 Leather Archer Armor
71:57 Bracer
94:41 Scale Mail Armor
106:27 Atheism
107:25 Light Cavalry
113:35 Hussar
Tim the Enchanter
2:02 Loom
11:27 Feudal Age
11:57 Double-Bit Axe
11:57 Horse Collar
18:02 Castle Age
15:59 Gold Mining
16:41 Stone Mining
19:00 Bow Saw
18:58 Fletching
23:18 Caravan
24:38 Pikeman
26:10 Scale Mail Armor
26:50 Forging
29:09 Ballistics
28:31 Treadmill Crane
29:03 Masonry
30:49 Stone Shaft Mining
31:29 Heavy Plow
31:27 Bodkin Arrow
36:48 Imperial Age
36:57 Imperial Age
35:55 Chain Mail Armor
36:16 Iron Casting
35:42 Murder Holes
37:21 Town Watch
38:16 Conscription
39:17 Two-Man Saw
38:57 Wheelbarrow
38:45 Arson
39:33 Crop Rotation
39:28 Capped Ram
40:56 Architecture
42:08 Wheelbarrow
44:18 Hand Cart
45:01 Bracer
45:32 Plate Mail Armor
46:02 Blast Furnace
45:09 Arquebus
45:34 Elite Organ Gun
47:34 Guilds
47:39 Siege Engineers
49:23 Halberdier
50:28 Town Patrol
52:09 Chemistry
51:20 Light Cavalry
52:01 Husbandry
52:11 Bloodlines
52:59 Bombard Tower
54:08 Fortified Wall
54:07 Scale Barding Armor
54:51 Gambesons
54:29 Cavalier
62:22 Chain Barding Armor
69:00 Onager
73:57 Sanctity
73:48 Fervor
73:53 Block Printing
75:14 Plate Barding Armor
80:34 Elite Skirmisher
92:25 Padded Archer Armor
99:24 Leather Archer Armor
107:11 Ring Archer Armor
108:43 Man-at-Arms
109:12 Long Swordsman
犹豫就会败北
2:13 Loom
11:09 Feudal Age
15:41 Castle Age
13:55 Double-Bit Axe
14:06 Horse Collar
27:12 Wheelbarrow
26:48 Fletching
32:53 Imperial Age
30:41 Hand Cart
30:14 Town Watch
31:34 Heavy Plow
31:46 Bow Saw
31:29 Gold Mining
31:31 Stone Mining
32:07 Bodkin Arrow
32:13 Padded Archer Armor
33:09 Caravan
33:51 Elite Mangudai
34:52 Conscription
37:01 Stone Shaft Mining
37:36 Chemistry
36:31 Murder Holes
37:43 Thumb Ring
38:05 Parthian Tactics
37:44 Bracer
37:59 Leather Archer Armor
38:08 Ballistics
38:44 Gold Shaft Mining
38:33 Bloodlines
38:24 Husbandry
37:45 Light Cavalry
38:34 Scale Barding Armor
38:40 Forging
39:50 Hussar
44:59 Siege Engineers
45:18 Chain Barding Armor
45:33 Iron Casting
54:54 Blast Furnace
85:53 Capped Ram
87:17 Siege Ram
91:21 Drill
takoyaki
0:32 Loom
11:51 Feudal Age
12:19 Double-Bit Axe
18:36 Castle Age
18:36 Wheelbarrow
18:32 Gold Mining
19:47 Husbandry
20:06 Forging
20:13 Town Watch
25:36 Pikeman
33:21 Bow Saw
34:13 Sanctity
33:48 Stone Mining
35:47 Hand Cart
38:21 Imperial Age
37:59 Iron Casting
37:14 Fletching
37:30 Scale Barding Armor
37:40 Masonry
39:27 Conscription
38:30 Halberdier
39:11 Squires
40:48 Bodkin Arrow
41:53 Blast Furnace
40:54 Scale Mail Armor
49:11 Cavalier
49:11 Light Cavalry
54:39 Scale Mail Armor
55:42 Blast Furnace
54:37 Bodkin Arrow
57:19 Chain Mail Armor
64:41 Town Patrol
70:43 Paladin
73:08 Elite Throwing Axeman
82:14 Padded Archer Armor
82:37 Arson
83:35 Gambesons
83:26 Capped Ram
87:57 Architecture
87:48 Ballistics
94:38 Paladin
103:25 Caravan
112:05 Plate Mail Armor
111:50 Leather Archer Armor
117:16 Elite Skirmisher
Connection lost

Rejoining the realm…

Still unreachable

The connection could not be restored.

Session expired

The server has moved on; the page needs a fresh start.